Map: Blackpink LE

Players

ssy

  • Race: Zerg Zerg
  • Spawn Location: 1:00

Stephano - Winner!

  • Race: Zerg Zerg
  • Spawn Location: 7:00

Event: WCS Leipzig 2018

VOD

Have the link to the VOD?

Description

Time

  • Played on: Jan. 26, 2018, 6:28 a.m.
  • Length: 6:05

All games in this series

Show
View Real Time Build Order
Export as new Build Order

ssy Zerg 

Build Orders: Hatch First 

Get SALT Encoding   

  12  0:00  Drone  
  13  0:12  Overlord  
  13  0:17  Drone  
  14  0:30  Drone x2  
  16  0:37  Drone  
  17  0:52  Hatchery  
  17  0:54  Drone  
  17  0:57  Drone  
  18  1:07  Extractor  
  17  1:12  Spawning Pool  
  17  1:15  Drone  
  18  1:18  Drone  
  18  1:28  Drone  
  19  1:38  Overlord  
  19  1:59  Queen  
  19  2:00  Zergling x4  
  23  2:04  Queen  
  23  2:05  Zergling x2  
  26  2:09  Metabolic Boost  
  26  2:12  Drone  
  27  2:16  Drone  
  27  2:22  Drone  
  29  2:31  Drone  
  30  2:38  Hatchery  
  30  2:39  Drone  
  30  2:45  Overlord  
  30  2:49  Drone x2  
  31  2:59  Roach Warren  
  31  3:00  Zergling x4  
  32  3:11  Zergling x8  
  36  3:14  Zergling x4  
  36  3:17  Zergling x2  
  39  3:21  Zergling x4  
  40  3:34  Drone  
  40  3:36  Overlord x2  
  38  3:44  Zergling x10  
  39  4:09  Roach x5  
  48  4:17  Overlord  
  48  4:18  Zergling x6  
  51  4:26  Zergling x4  
  51  4:29  Zergling x2  
  51  4:31  Queen  
  51  4:40  Zergling x10  
  51  4:45  Drone x4  
  59  4:53  Spine Crawler  
  59  4:55  Drone x2, Evolution Chamber  
  59  4:57  Zergling x2  
  61  5:01  Drone x2  
  61  5:06  Zergling x4  
  63  5:12  Drone  
  63  5:13  Drone x2  
  66  5:17  Drone x2  
  66  5:19  Drone, Extractor  
  68  5:22  Roach  
  68  5:25  Ravager  
  65  5:31  Roach x3  
  65  5:32  Zergling x2  
  65  5:34  Zergling x2  
  61  5:39  Roach x2  
  61  5:41  Zergling x2  
Show
View Real Time Build Order
Export as new Build Order

Stephano Zerg - Winner!

Build Orders: Hatch First, Zergling Baneling 

Get SALT Encoding   

  12  0:00  Drone  
  13  0:12  Overlord  
  13  0:18  Drone  
  14  0:31  Drone x2  
  14  0:34  Drone  
  17  0:52  Hatchery  
  17  0:54  Drone  
  17  0:57  Drone  
  18  1:07  Extractor  
  17  1:12  Spawning Pool  
  17  1:15  Drone  
  17  1:18  Drone  
  18  1:28  Drone  
  19  1:39  Overlord  
  19  1:50  Drone  
  20  1:59  Queen  
  20  2:00  Zergling x2  
  23  2:04  Drone, Queen  
  23  2:07  Metabolic Boost  
  26  2:18  Drone  
  26  2:19  Drone  
  28  2:23  Drone  
  28  2:26  Drone  
  30  2:33  Baneling Nest, Zergling x2  
  30  2:34  Queen  
  32  2:39  Zergling x2  
  33  2:45  Overlord  
  33  2:48  Drone  
  34  3:00  Drone  
  34  3:01  Drone  
  36  3:11  Hatchery  
  36  3:12  Drone x3  
  38  3:13  Drone  
  38  3:18  Baneling  
  38  3:19  Baneling  
  39  3:22  Zergling x4  
  39  3:24  Overlord  
  41  3:32  Zergling x4  
  41  3:33  Zergling x2  
  43  3:37  Overlord  
  43  3:43  Baneling x2  
  43  3:44  Zergling x8  
  43  3:47  Zergling x2  
  48  3:50  Baneling x2  
  48  3:59  Zergling x8  
  50  4:10  Overlord  
  50  4:11  Drone x2  
  50  4:14  Evolution Chamber  
  51  4:18  Drone x2, Roach Warren  
  52  4:27  Baneling x2  
  52  4:28  Drone x4  
  52  4:30  Extractor  
  55  4:32  Drone x2  
  57  4:40  Zergling x8  
  59  4:52  Overlord  
  59  4:59  Roach x2  
  63  5:01  Roach x3  
  63  5:04  Roach x2  
  73  5:10  Overlord  
  73  5:12  Roach x2  
  77  5:14  Zergling x4  
  77  5:16  Zergling x4  
  81  5:27  Zergling x2  
  78  5:32  Zergling x16  
  78  5:33  Zergling x2  
  86  5:37  Zergling x4  
  86  5:39  Zergling x2  
Tags
 
Add a new tag
Caveats
  • Supply blocks, unpowered buildings, or Contaminate may cause inaccurate times.
  • Supply counts are checked every 10 seconds.